 Dungeon Crawl Stone Soup version 0.15.1-3-g1b33baa (webtiles) character file.

2206 Chiseanne the Fighter (level 9, -3/147 HPs)
             Began as an Ogre Wanderer on Oct 5, 2014.
             Was a Priest of Cheibriados.
             Slain by an orc warrior
             ... wielding a +0 halberd
              (16 damage)
             ... in a bailey.
             The game lasted 00:35:22 (7993 turns).

Chiseanne the Fighter (Ogre Wanderer)               Turns: 7993, Time: 00:35:22

HP  -3/147       AC 24     Str 27      XL: 9   Next: 34%
MP  15/15        EV  1     Int 18      God: Cheibriados [***...]
Gold 434         SH  0     Dex 21      Spells:  0 memorised,  8 levels left

rFire  + . .     SeeInvis .     B - +0 flail (distort)
rCold  . . .     Clarity  .     l - melded +1 robe
rNeg   + + +     rCorr    .     (shield restricted)
rPois  +         rRot     .     (helmet restricted)
rElec  .         Spirit   .     v - melded +2 cloak
SustAb .         Warding  .     (gloves unavailable)
rMut   .         NoTele   +     (boots unavailable)
Gourm  .                        (no amulet)
MR     .....                    y - +4 ring of evasion
                                i - ring of protection from fire

@: tree-form, very slow, not resistant to hostile enchantments, unstealthy
A: unfitting armour, (tough skin 0)
a: Bend Time, Temporal Distortion, Renounce Religion


You were in a bailey.
You worshipped Cheibriados.
Cheibriados was most pleased with you.
You were not hungry.
You were an animated tree.
You visited 1 branch of the dungeon, and saw 7 of its levels.
You also visited: Bailey.

You collected 434 gold pieces.

Inventory:

Hand weapons
 a - a +2 spear of flaming
 c - the +3 hunting sling "Spiderbane" {velocity, rC+ MR+ Str+2 Dex+1 SInv, unknown}
   (You found it on level 5 of the Dungeon)

   Any stone fired from it inflicts extra damage.
   It affects your strength (+2).
   It affects your dexterity (+1).
   It protects you from cold.
   It affects your resistance to hostile enchantments.
   It enhances your eyesight.
 d - a +0 dagger of venom
 B - a +0 flail of distortion (weapon)
 G - a cursed -1 bardiche
 I - a +0 blowgun
 J - a +0 giant spiked club
Missiles
 e - 10 sling bullets of flame
 k - 30 poisoned needles
 q - 13 tomahawks (quivered)
Armour
 l - a +1 robe (melded)
 v - a +2 cloak (melded)
Magical devices
 t - a wand of confusion (0)
Comestibles
 f - 7 meat rations
 g - 2 beef jerkies
 m - 4 fruits
 z - 2 royal jellies
 E - 3 bread rations
 F - a slice of pizza
 K - a rotting chunk of goblin flesh
 L - 3 rotting chunks of orc flesh
Scrolls
 b - 3 scrolls of teleportation
 h - a scroll of blinking
 r - 7 scrolls of remove curse
Jewellery
 i - a ring of protection from fire (left branch)
 s - an uncursed ring of protection from cold
 w - an uncursed ring of magical power
 y - a +4 ring of evasion (right branch)
Potions
 j - 11 potions of curing
 n - a potion of porridge
 o - a potion of flight
 u - a potion of haste {unknown}
 x - a potion of magic {unknown}
 A - a potion of resistance {unknown}
 D - a potion of might {unknown}
 H - a potion of lignification
 M - a potion of beneficial mutation {unknown}
 N - a potion of invisibility {unknown}


   Skills:
 * Level 9.0 Fighting
 * Level 8.8 Maces & Flails
 - Level 1.0 Polearms
 - Level 1.3 Throwing
 * Level 7.4 Dodging
 * Level 3.7 Invocations
 - Level 2.0 Evocations


You had 8 spell levels left.
You didn't know any spells.

Dungeon Overview and Level Annotations

Branches:
Dungeon (7/15)             Temple (0/1) D:6

Altars:
Ashenzari
Cheibriados
Makhleb

Annotations:
D:4 Pikel
D:6 exclusion: downstairs


Innate Abilities, Weirdness & Mutations

You are too large for most types of armour.
((You have tough skin (AC +1).))


Message History

The orc is killed!
Cheibriados thoroughly appreciates the change of pace.
The orc warrior hits you from afar with a halberd!
* * * LOW HITPOINT WARNING * * *
You hit the orc knight.
The orc knight is heavily wounded.
The orc knight blinks!
The orc warrior hits you but does no damage. x2
The orc knight hits the orc with a glaive!!
The orc is killed!
Cheibriados thoroughly appreciates the change of pace.
You catch the helpless orc knight completely off-guard!
You hit the orc knight.
The orc knight is heavily wounded.
The orc knight blinks!
The orc warrior hits you from afar with a halberd!!
* * * LOW HITPOINT WARNING * * *
The orc warrior hits you but does no damage.
The orc warrior hits you from afar with a halberd!
You die...

####### ############
#########..)..## ##........∩.#
.#.....#..)..o.######..).).......
.'.....'.....oo#)...#...)))).....
.'.....'.)...)o)♣...'o).))).....∩
.'.....'..).o)o#[§..#....))......
.#.....#.......######............
#########..)..## ##........∩.#
####### ############


You could see 2 orc knights, 3 orc warriors and 2 orcs.

Vanquished Creatures
  Grinder (D:3)
  A freezing wraith (D:5)
  A slave (D:4)
  An ice beast (D:5)
  4 orc warriors (Bailey)
  2 sky beasts (D:5)
  An ogre (D:6)
  A giant frog (D:6)
  An orc priest (D:5)
  A crimson imp (D:6)
  Crazy Yiuf (D:3)
  A jelly (D:5)
  A hound (D:5)
  3 worker ants (D:5)
  2 orc wizards
  A sky beast zombie (D:5)
  A big kobold skeleton (D:6)
  An ogre skeleton (D:4)
  4 gnolls
  6 adders
  A shadow imp (D:6)
  2 worms (D:2)
  An iguana zombie (D:6)
  3 giant geckos
  3 oozes
  45 orcs
  7 giant cockroaches
  13 hobgoblins
  7 jackals (D:3)
  14 kobolds
  4 quokkas
  A ball python (D:5)
  10 bats
  8 giant newts
  24 goblins
  2 orc skeletons
  13 rats
  3 fungi
196 creatures vanquished.

Vanquished Creatures (others)
  An orc warrior (Bailey)
  An ice beast (D:5)
  An ogre (D:7)
  A giant frog zombie (D:5)
  A quasit (D:6)
  A worker ant (D:5)
  A gnoll (D:6)
  A giant mite (D:6)
  3 butterflies (D:4)
11 creatures vanquished.

Grand Total: 207 creatures vanquished

Notes
Turn   | Place    | Note
--------------------------------------------------------------
     0 | D:1      | Chiseanne, the Ogre Wanderer, began the quest for the Orb.
     0 | D:1      | Reached XP level 1. HP: 27/27 MP: 1/1
   150 | D:1      | Reached XP level 2. HP: 28/35 MP: 2/2
   921 | D:1      | Reached XP level 3. HP: 44/44 MP: 3/3
  1395 | D:2      | Reached skill level 6 in Maces & Flails
  1643 | D:2      | Reached XP level 4. HP: 46/52 MP: 4/4
  2161 | D:3      | Found a snail-covered altar of Cheibriados.
  2195 | D:3      | Reached skill level 1 in Dodging
  2364 | D:3      | Became a worshipper of Cheibriados the Contemplative
  2452 | D:3      | Noticed Grinder
  2466 | D:3      | Killed Grinder
  2466 | D:3      | Reached XP level 5. HP: 27/61 MP: 4/6
  2466 | D:3      | Reached XP level 6. HP: 30/68 MP: 5/8
  2826 | D:3      | Reached skill level 7 in Fighting
  2856 | D:3      | Found a burning altar of Makhleb.
  3353 | D:3      | Noticed Crazy Yiuf
  3358 | D:3      | Killed Crazy Yiuf
  3690 | D:4      | Noticed Pikel
  3918 | D:4      | Reached XP level 7. HP: 73/78 MP: 9/9
  4258 | D:5      | Entered Level 5 of the Dungeon
  4532 | D:5      | Reached skill level 1 in Polearms
  4606 | D:5      | Noticed a freezing wraith
  5091 | D:5      | Reached skill level 1 in Invocations
  5734 | D:5      | Reached skill level 8 in Fighting
  5734 | D:5      | Reached XP level 8. HP: 69/88 MP: 10/10
  5741 | D:5      | Killed a freezing wraith
  5741 | D:5      | Reached skill level 5 in Dodging
  6127 | D:5      | Got a warped hunting sling
  6134 | D:5      | Acquired Cheibriados' first power
  6829 | D:6      | Found a shattered altar of Ashenzari.
  7301 | D:6      | Found a staircase to the Ecumenical Temple.
  7524 | D:6      | Acquired Cheibriados' second power
  7593 | D:7      | Reached XP level 9. HP: 97/97 MP: 12/14
  7644 | D:7      | Found a flagged portal.
  7672 | Bailey   | Entered a bailey
  7770 | Bailey   | Reached skill level 9 in Fighting
  7956 | Bailey   | Noticed an orc knight
  7962 | Bailey   | Noticed an orc knight
  7993 | Bailey   | Slain by an orc warrior

Action                   |  1- 3 |  4- 6 |  7- 9 || total
-------------------------+-------+-------+-------++-------
Melee: Mace              |   122 |   157 |       ||   279
       Spear             |       |    40 |    65 ||   105
       Flail             |       |       |   180 ||   180
Throw: Tomahawk          |       |     2 |     3 ||     5
Invok: Bend Time         |       |     1 |       ||     1
       Slouch            |       |       |     2 ||     2
       Temporal Distorti |       |       |     1 ||     1
Evoke: Wand              |       |     1 |    14 ||    15
  Use: Scroll            |     5 |     7 |     6 ||    18
       Potion            |       |     1 |     7 ||     8
 Stab: Confused          |       |       |     4 ||     4
       Sleeping          |       |       |     2 ||     2
       Distracted        |       |       |     1 ||     1
  Eat: Chunk             |     2 |     7 |     9 ||    18
